AoeStats
← jphilkill

Black Forest

509342860Analyzed
4v4 RM · 6d ago on Sep 26, 2026· 28m 9s· 8 players
Game mode
Random Map
Map size
Large (8 player)
Population
200
Speed
Normal
Resources
Standard
Victory
Conquest
Starting age
Dark Age
Ending age
Imperial Age
RankedLock teamsTeams togetherTeam positionsShared explorationLock speedFull tech treeHidden civsTurbo modeCheats
Victory
Defeat
🇹🇼 Varangians · Taiwan
992
+10
🇹🇼 Danes · Taiwan
911
+13
🇹🇼 Saxons · Taiwan
832
+41
🇹🇼 Franks · Taiwan
727
+21
🇨🇳 Franks · China
867
-16
🇩🇪 Celts · Germany
865
-16
🇮🇹 Persians · Italy
859
-16
🇺🇸 Huns · United States
801
-13
theskemp
0:27 Loom
14:14 Feudal Age
14:56 Horse Collar
15:04 Double-Bit Axe
22:04 Castle Age
20:14 Gold Mining
20:34 Stone Mining
23:44 Bow Saw
23:37 Heavy Plow
ABSENT007
8:14 Loom
12:08 Feudal Age
13:34 Wheelbarrow
17:14 Horse Collar
17:21 Double-Bit Axe
17:46 Gold Mining
18:40 Stone Mining
24:34 Castle Age
25:55 Hand Cart
25:57 Bloodlines
25:49 Husbandry
27:34 Marauders
jphilkill
0:28 Loom
13:42 Feudal Age
15:37 Double-Bit Axe
16:01 Gold Mining
19:03 Castle Age
18:35 Fishing Lines
18:38 Horse Collar
18:54 Stone Mining
23:01 Wheelbarrow
22:22 Gillnets
Noob.
0:36 Loom
14:57 Feudal Age
16:32 Man-at-Arms
17:47 Arson
18:25 Forging
FLAME-99
0:58 Loom
16:19 Feudal Age
20:25 Castle Age
18:44 Double-Bit Axe
GL.DuaT
0:43 Loom
12:11 Feudal Age
16:57 Castle Age
15:25 Double-Bit Axe
17:37 Forging
17:23 Horse Collar
21:16 Squires
22:50 Arson
26:28 Bow Saw
26:19 Heavy Plow
GL.Herq
11:34 Feudal Age
16:47 Castle Age
15:53 Double-Bit Axe
15:57 Horse Collar
16:06 Double-Bit Axe
19:39 Bloodlines
25:13 Bow Saw
26:21 Husbandry
26:10 Arson
26:26 Squires
26:11 Gambesons
忍者龜頭在痛
15:46 Feudal Age
20:23 Castle Age
21:58 Double-Bit Axe
22:09 Gold Mining
26:46 Loom
Connection lost

Rejoining the realm…

Still unreachable

The connection could not be restored.

Session expired

The server has moved on; the page needs a fresh start.